 Dungeon Crawl Stone Soup version 0.27-a0-883-g39567a0c06 (webtiles) character file.

Game seed: 8166229091136638462

29884 nlsncfleq the Geomancer (level 13, -1/79 HPs)
             Began as a Gargoyle Earth Elementalist on Apr 3, 2021.
             Was an Elder of Vehumet.
             Incinerated by a deep elf pyromancer (6 damage)
             ... with a sticky flame
             ... on level 13 of the Dungeon.
             The game lasted 00:34:35 (18412 turns).

nlsncfleq the Geomancer (GrEE)                     Turns: 18412, Time: 00:34:36

Health: -1/79      AC: 18    Str: 12    XL:     13   Next: 48%
Magic:  10/26      EV: 14    Int: 27    God:    Vehumet [****..]
Gold:   1791       SH:  5    Dex: 10    Spells: 21/30 levels left

rFire    . . .     SeeInvis +   y - +3 flail (vorpal)
rCold    . . .     Faith    .   (no shield)
rNeg     + . .     Spirit   .   F - +1 robe {Archmagi}
rPois    ∞         Reflect  +   i - +2 hat
rElec    +         Harm     .   (no cloak)
rCorr    .         Rampage  .   m - +2 pair of gloves
Will     .....                  (no boots)
Stlth    +.........             e - amulet of reflection
HPRegen  0.23/turn              A - ring of see invisible
MPRegen  0.20/turn              E - +6 ring of intelligence

@: on fire, glowing
A: AC +9, negative energy resistance 1, electricity resistance, torment
resistance 1, unbreathing 1, petrification resistance
a: Renounce Religion


You were on level 13 of the Dungeon.
You worshipped Vehumet.
Vehumet was greatly pleased with you.
You visited 2 branches of the dungeon, and saw 14 of its levels.

You collected 1791 gold pieces.

Inventory:

Hand Weapons
 a - the +5 quarterstaff "String" {flame, Contam rElec Dex+6}
   (You found it on level 10 of the Dungeon)

   It has been specially enchanted to burn those struck by it, causing extra
   injury to most foes and up to half again as much damage against particularly
   susceptible opponents.
   It affects your dexterity (+6).
   It insulates you from electricity.
   It causes magical contamination when unequipped.
 y - a +3 vorpal flail (weapon)
Missiles
 b - 293 stones
 k - 8 curare-tipped darts
Armour
 i - a +2 hat (worn)
 m - a +2 pair of gloves (worn)
 z - a +1 leather armour of cold resistance
 F - a +1 robe of the Archmagi (worn)
Jewellery
 c - a ring of protection from cold
 e - an amulet of reflection (around neck)
 f - a ring of protection from cold
 A - a ring of see invisible (left hand)
 E - a +6 ring of intelligence (right hand)
Wands
 o - a wand of polymorph (22)
 p - a wand of charming (17)
 q - a wand of flame (44)
 x - a wand of random effects (33)
 B - a wand of iceblast (5)
Scrolls
 t - 5 scrolls of identify
 w - a scroll of brand weapon
 C - 2 scrolls of teleportation
Potions
 d - 4 potions of brilliance
 g - 5 potions of lignification
 h - 5 potions of attraction
 j - a potion of might
 n - 2 potions of flight
 r - 2 potions of resistance
 s - 3 potions of berserk rage
 u - a potion of curing
 v - a potion of haste
Miscellaneous
 l - a lightning rod (1/4)


   Skills:
 + Level 8.3 Fighting
 + Level 7.4 Maces & Flails
 - Level 6.0 Armour
 + Level 6.6 Dodging
 - Level 2.1 Stealth
 + Level 9.0 Spellcasting
 + Level 10.1 Conjurations
 - Level 0.7 Transmutations
 + Level 11.5 Earth Magic
 + Level 6.8 Evocations


You had 21 spell levels left.
You knew the following spells:

 Your Spells              Type           Power      Damage    Failure   Level
a - Sandblast             Erth           100%       2d20      1%          1
b - Stone Arrow           Conj/Erth      100%       3d13      1%          3
c - Lee's Rapid Deconstr  Erth           42%        3d21*     1%          5

Your spell library contained the following spells:

 Spells                   Type           Power      Damage    Failure   Level
 Hailstorm                Conj/Ice       56%        3d12      1%          4
 Magic Dart               Conj           100%       1d8       1%          1
 Passwall                 Tmut/Erth      50%        N/A       1%          2
 Searing Ray              Conj           100%       3d7       1%          2
 Conjure Flame            Conj/Fire      56%        6-21      1%          3
 Dazzling Flash           Conj/Hex       100%       N/A       1%          3
 Mephitic Cloud           Conj/Pois/Air  45%        N/A       1%          3
 Fulminant Prism          Conj/Hex       28%        3d14      1%          4
 Iskenderun's Mystic Bla  Conj/Tloc      56%        2d12      1%          4
 Petrify                  Tmut/Erth      61%        N/A       3%          4
 Blink                    Tloc           N/A        N/A       7%          2
 Call Imp                 Summ           18%        N/A       7%          2
 Slow                     Hex            18%        N/A       7%          2
 Confusing Touch          Hex            18%        N/A       14%         3
 Gell's Gravitas          Tloc           9%         N/A       14%         3
 Yara's Violent Unravell  Hex/Tmut       10%        3d6       28%         5
 Metabolic Englaciation   Hex/Ice        9%         N/A       78%         5


Dungeon Overview and Level Annotations

Branches:
Dungeon (13/15)            Temple (1/1) D:4            Lair (0/6) D:11
    Orc (0/2) D:9
 Vaults: D:13-14

Altars:
Ashenzari
Cheibriados
Dithmenos
Elyvilon
Fedhas
Gozag
Hepliaklqana
Kikubaaqudgha
Makhleb
Nemelex Xobeh
Okawaru
Qazlal
Ru
Sif Muna
Trog
Uskayaw
Vehumet
Wu Jian
Xom
Yredelemnul
Zin
The Shining One


Innate Abilities, Weirdness & Mutations

Your stone body is resilient. (AC +9)
You are immune to poison.
You resist negative energy. (rN+)
You are resistant to electric shocks. (rElec)
You are resistant to unholy torment.
You can survive without breathing.
You are immune to petrification.


Message History

Press: ? - help, Shift-Dir - straight line, f/p - deep elf pyromancer
Aim: a deep elf pyromancer, wielding a +0 rapier and wearing a +0 chain mail (almost dead, 25% to evade)
You feel a surge of power!
The stone arrow misses the deep elf pyromancer.
You are covered in liquid flames!
* * * LOW HITPOINT WARNING * * *
The deep elf pyromancer casts a spell.
You feel better.
You are covered in liquid flames!
* * * LOW HITPOINT WARNING * * *
The deep elf pyromancer casts a spell.
The deep elf pyromancer blinks!
The fire elemental closely misses you.
You feel better.
You are covered in liquid flames!
* * * LOW HITPOINT WARNING * * *
The fire elemental misses you.
The deep elf pyromancer mumbles some strange words.
Unknown command.
Casting: Stone Arrow (safe; 1% risk of failure)
Confirm with . or Enter, or press ? or * to list all spells.
Aiming: Lee's Rapid Deconstruction (dangerous; 1% risk of failure)
Press: ? - help, Dir - move target, p - deep elf pyromancer A rock wall.
Okay, then.
Unknown command.
You are covered in liquid flames!
* * * LOW HITPOINT WARNING * * *
Casting: Lee's Rapid Deconstruction (dangerous; 1% risk of failure)
Confirm with . or Enter, or press ? or * to list all spells.
Aiming: Lee's Rapid Deconstruction (dangerous; 1% risk of failure)
Press: ? - help, Dir - move target, p - deep elf pyromancer A rock wall.
You feel a surge of power!
The wall shatters!
The blast of rock fragments hits the deep elf pyromancer!!
You kill the deep elf pyromancer!
Vehumet accepts your kill.
You feel your power returning.
The fire elemental disappears in a puff of smoke! x2
You are covered in liquid flames!
You die...

#......#..#.##
#......##.#.#
#....#.##...#
#....#.##...#
#....#.###..#
#....#.# #..#
#....#.# #.>#
#....#.#########
#....#°§@..)§☼..
###########.....
##.


There were no monsters in sight!

Vanquished Creatures
  A boulder beetle (D:13)
  4 hydras
  3 centaur warriors (D:13)
  A death knight (D:12)
  5 two-headed ogres
  A tengu warrior (D:12)
  4 skeletal warriors (D:12)
  A wizard (D:12)
  4 deep elf pyromancers
  2 cyclopes
  2 gargoyles
  4 molten gargoyles (D:9)
  3 freezing wraiths (D:12)
  2 kobold demonologists (D:12)
  A komodo dragon (D:12)
  2 unseen horrors (D:11)
  A hornet (D:8)
  A troll (D:11)
  A wolf spider simulacrum (D:12)
  A slime creature (D:12)
  3 wraiths
  A wyvern (D:10)
  13 yaks
  A centaur simulacrum (D:11)
  2 shadows
  A basilisk (shapeshifter) (D:13)
  A vampire (D:9)
  Eustachio (D:5)
  2 steam dragons (D:8)
  Grum (D:8)
  10 vampire mosquitoes
  A warg (D:9)
  3 water moccasins
  An acid dragon (D:13)
  4 ice beasts
  3 orc warriors (D:10)
  2 black bears (D:11)
  A necrophage (D:7)
  An ogre (D:5)
  9 wolves
  8 centaurs
  A wolf (shapeshifter) (D:12)
  A phantom (D:5)
  4 kobold brigands
  A gnoll sergeant (D:12)
  2 bullfrogs
  8 scorpions
  A water moccasin zombie (D:6)
  A wyvern zombie (D:7)
  A water moccasin skeleton (D:5)
  2 howler monkeys
  3 electric eels (D:11)
  A jelly (D:7)
  A gnoll shaman (D:5)
  2 hounds (D:5)
  2 centaur skeletons
  2 centaur zombies
  10 orc priests
  A bullfrog skeleton (D:6)
  3 iguanas
  10 orc wizards
  Robin (D:4)
  5 adders
  3 gnolls (D:5)
  A shadow imp (D:6)
  5 white imps
  2 ufetubi (D:11)
  4 worms
  2 dart slugs
  52 orcs
  8 endoplasms
  2 giant cockroaches (D:2)
  18 goblins
  12 hobgoblins
  18 jackals
  19 kobolds
  A quokka (D:2)
  6 ball pythons
  7 bats
  5 frilled lizards
  3 rats
344 creatures vanquished.

Vanquished Creatures (others)
  A deep elf pyromancer (D:12)
  25 fungi (D:11)
  84 plants
110 creatures vanquished.

Grand Total: 454 creatures vanquished

Notes
Turn   | Place    | Note
-------+----------+-------------------------------------------
     0 | D:1      | nlsncfleq the Gargoyle Earth Elementalist began the quest
                  | for the Orb.
     0 | D:1      | Reached XP level 1. HP: 10/10 MP: 3/3
   296 | D:1      | Reached skill level 4 in Earth Magic
   296 | D:1      | Reached XP level 2. HP: 11/15 MP: 0/5
  1180 | D:1      | Found a faded altar of an unknown god.
  1534 | D:2      | Reached XP level 3. HP: 19/19 MP: 4/6
  1538 | D:2      | Learned a level 3 spell: Stone Arrow
  2284 | D:2      | Reached skill level 1 in Conjurations
  2527 | D:2      | Reached XP level 4. HP: 17/24 MP: 8/8
  2882 | D:2      | Found a stormy altar of Qazlal.
  3930 | D:3      | Reached skill level 5 in Earth Magic
  4014 | D:3      | Reached XP level 5. HP: 28/28 MP: 9/9
  4020 | D:3      | Learned a level 5 spell: Lee's Rapid Deconstruction
  4312 | D:4      | Found a staircase to the Ecumenical Temple.
  4323 | Temple   | Entered the Ecumenical Temple
  4417 | Temple   | Became a worshipper of Vehumet
  4913 | D:4      | Reached XP level 6. HP: 27/32 MP: 11/11
  5252 | D:4      | Noticed Robin
  5293 | D:4      | Killed Robin
  5296 | D:4      | Reached * piety under Vehumet
  5296 | D:4      | Offered knowledge of Freeze by Vehumet.
  5491 | D:4      | Reached skill level 6 in Earth Magic
  5836 | D:4      | Reached XP level 7. HP: 22/36 MP: 13/13
  6319 | D:5      | Entered Level 5 of the Dungeon
  6556 | D:5      | Reached skill level 5 in Spellcasting
  6556 | D:5      | Reached skill level 7 in Earth Magic
  6710 | D:5      | Reached XP level 8. HP: 40/41 MP: 15/15
  6739 | D:5      | Noticed Eustachio
  6750 | D:5      | Reached skill level 5 in Conjurations
  6753 | D:5      | Killed Eustachio
  7561 | D:6      | Reached ** piety under Vehumet
  7562 | D:6      | Reached skill level 1 in Armour
  7575 | D:6      | Reached skill level 1 in Fighting
  7575 | D:6      | Reached skill level 1 in Maces & Flails
  7689 | D:6      | Offered knowledge of Shock by Vehumet.
  7690 | D:6      | Reached skill level 1 in Evocations
  8416 | D:7      | Reached skill level 8 in Earth Magic
  8416 | D:7      | Reached XP level 9. HP: 48/48 MP: 6/17
  9765 | D:8      | Identified a scroll of acquirement
  9765 | D:8      | Acquired 869 gold pieces
  9787 | D:8      | Noticed a two-headed ogre
  9791 | D:8      | Killed a two-headed ogre
  9795 | D:8      | Noticed a hornet
  9801 | D:8      | Killed a hornet
 10435 | D:8      | Noticed Grum
 10448 | D:8      | Killed Grum
 10449 | D:8      | Reached XP level 10. HP: 38/56 MP: 5/19
 10787 | D:8      | Found a glowing silver altar of Zin.
 11171 | D:9      | Noticed a molten gargoyle
 11172 | D:9      | Noticed a molten gargoyle
 11173 | D:9      | Killed a molten gargoyle
 11176 | D:9      | Killed a molten gargoyle
 11248 | D:9      | Noticed a molten gargoyle
 11283 | D:9      | Noticed a molten gargoyle
 11294 | D:9      | Killed a molten gargoyle
 11295 | D:9      | Reached skill level 9 in Earth Magic
 11298 | D:9      | Killed a molten gargoyle
 11749 | D:9      | Offered knowledge of Frozen Ramparts by Vehumet.
 11933 | D:9      | Found a staircase to the Orcish Mines.
 12157 | D:9      | Reached *** piety under Vehumet
 12255 | D:9      | Noticed a two-headed ogre
 12259 | D:9      | Killed a two-headed ogre
 12260 | D:9      | Reached skill level 5 in Fighting
 12260 | D:9      | Reached XP level 11. HP: 63/63 MP: 13/21
 12480 | D:10     | Entered Level 10 of the Dungeon
 12492 | D:10     | Reached skill level 5 in Armour
 12712 | D:10     | Identified the +5 quarterstaff "String" {flame, Contam
                  | rElec Dex+6}
 12794 | D:10     | Offered knowledge of Static Discharge by Vehumet.
 13716 | D:11     | Found a staircase to the Lair.
 13731 | D:11     | Noticed a seven-headed hydra
 13753 | D:11     | Killed a seven-headed hydra
 13754 | D:11     | Reached skill level 5 in Maces & Flails
 13768 | D:11     | Noticed a two-headed ogre
 13775 | D:11     | Killed a two-headed ogre
 13776 | D:11     | Reached skill level 10 in Earth Magic
 13787 | D:11     | Reached **** piety under Vehumet
 14114 | D:11     | Reached skill level 5 in Evocations
 14247 | D:11     | Reached skill level 5 in Dodging
 14581 | D:11     | Noticed a two-headed ogre
 14591 | D:11     | Killed a two-headed ogre
 14592 | D:11     | Reached XP level 12. HP: 33/71 MP: 16/23
 15281 | D:12     | Noticed a two-headed ogre
 15454 | D:12     | Noticed a four-headed hydra
 15460 | D:12     | Killed a four-headed hydra
 15711 | D:12     | Offered knowledge of Hailstorm by Vehumet.
 15805 | D:12     | Noticed a six-headed hydra
 15811 | D:12     | Killed a six-headed hydra
 15942 | D:12     | Noticed a death knight
 15955 | D:12     | Killed a death knight
 16348 | D:12     | Killed a two-headed ogre
 16349 | D:12     | Reached skill level 11 in Earth Magic
 16350 | D:12     | Noticed a tengu warrior
 16352 | D:12     | Killed a tengu warrior
 16360 | D:12     | Reached XP level 13. HP: 78/78 MP: 7/25
 17864 | D:13     | Reached skill level 10 in Conjurations
 18412 | D:13     | Incinerated by a deep elf pyromancer

Illustrated notes

Levels and vault maps discovered:
D:1:      wheals_arrival_linesprint, layout_loops_cross, basic_ecumenical_altar
D:2:      layout_loops_ring, serial_bayou, serial_bayou_crossing,
          serial_bayou_pond_e, serial_bayou_lagoon_b, serial_bayou_lagoon_a,
          serial_bayou_ford_a, serial_bayou_pond_c, basic_altar,
          minmay_hexomino_p4
D:3:      layout_loops_ring, chequers_garden, minmay_misc_feat_doors,
          kennysheep_generic_room_13
D:4:      layout_basic, minmay_temple_entry_sparse_star, st_stairs_3, uniq_robin
D:5:      layout_loops_ring, uniq_eustachio
D:6:      layout_cave_pools, serial_bayou_pond_b
D:7:      layout_basic, lightli_orcish_oven
D:8:      layout_rooms, lemuel_tele_altar, minmay_liquid_box, uniq_grum
D:9:      layout_big_octagon, erik_orc_4, hangedman_decor_diamond_cutter,
          minmay_misc_feat_rows, kennysheep_big_empty_room, minivault_8
D:10:     layout_cave_pools
D:11:     layout_roguey, due_lair_maze_entry_diamond, serial_ice, serial_ice_h,
          serial_ice_b, serial_ice_c, serial_ice_a, serial_ice_o, serial_ice_i,
          serial_ice_f, serial_ice_m
D:12:     minmay_concentric_multi, layout_loops_ring
D:13:     layout_basic
Temple:   nicolae_temple_the_god_donut

Skill      XL: |  1  2  3  4  5  6  7  8  9 10 11 12 13 |
---------------+----------------------------------------+-----
Earth Magic    | 4 5 6 7 8 9 10 11 | 11.5
Conjurations   | 1 2 3 4 5 6 7 8 9 10 | 10.1
Spellcasting   | 3 4 5 6 7 8 9 |  9.0
Armour         | 1 3 4 6 |  6.0
Fighting       | 1 3 5 6 7 8 |  8.3
Maces & Flails | 1 3 4 5 6 7 |  7.4
Dodging        | 2 3 4 5 6 |  6.6
Evocations     | 1 2 4 5 6 |  6.8
Stealth        | |  2.1
Transmutations | |  0.7

Action                   |  1- 3 |  4- 6 |  7- 9 | 10-12 | 13-15 || total
-------------------------+-------+-------+-------+-------+-------++-------
Melee: Dagger            |   113 |    36 |       |       |       ||   149
       Unarmed           |     4 |       |       |       |       ||     4
       Whip              |       |   204 |   147 |       |       ||   351
       Flail             |       |       |    48 |   197 |    58 ||   303
 Cast: Sandblast         |    33 |    19 |    26 |    66 |     3 ||   147
       Lee's Rapid Decon |       |       |    10 |    59 |    14 ||    83
       Stone Arrow       |       |       |     9 |    37 |    25 ||    71
Evoke: Wand              |       |       |     1 |     9 |     1 ||    11
       Lightning rod     |       |       |       |       |     4 ||     4
  Use: Potion            |     1 |     3 |       |     4 |     3 ||    11
       Scroll            |       |    11 |     5 |     6 |     3 ||    25
 Stab: Sleeping          |     2 |     3 |     2 |       |       ||     7
       Distracted        |       |     1 |       |       |     1 ||     2
Armor: Robe              |    57 |   161 |   122 |     5 |    74 ||   419
       Leather armour    |       |       |       |   207 |       ||   207
Dodge: Dodged            |    82 |   153 |   129 |   260 |    90 ||   714
Block: Other             |       |       |    10 |   115 |    27 ||   152
       Reflection        |       |       |       |     6 |     5 ||    11

Table legend: (Time is in decaauts)
 A = Elapsed time spent in this place.
 B = Non-inter-level travel time spent in this place.
 C = Inter-level travel time spent in this place.
 D = Time resting spent in this place.
 E = Time spent auto-exploring this place.
 F = Levels seen in this place.
 G = Mean time per level.
                   A        B        C        D        E       F      G
               +--------+--------+--------+--------+--------+-----+--------+
         Total |  18566 |  18032 |    534 |   3889 |  11339 |  14 | 1326.1 |
       Dungeon |  18355 |  17837 |    518 |   3789 |  11255 |  13 | 1411.9 |
        Temple |    210 |    194 |     16 |    100 |     84 |   1 |  210.0 |
               +--------+--------+--------+--------+--------+-----+--------+

Top non-repeatable levels by time:
    D:11: 2001 daAuts
     D:4: 1974 daAuts
     D:2: 1849 daAuts
    D:12: 1764 daAuts
     D:9: 1531 daAuts
     D:1: 1446 daAuts
     D:7: 1407 daAuts
    D:10: 1225 daAuts
     D:8: 1200 daAuts
     D:3: 1084 daAuts
     D:5: 1066 daAuts
    D:13: 978 daAuts
     D:6: 825 daAuts
  Temple: 210 daAuts
